 Dungeon Crawl Stone Soup version 0.15.1-4-gac8487e (webtiles) character file.

65 Johnny the Chiller (level 3, 0/40 HPs)
             Began as a Demigod Ice Elementalist on Oct 14, 2014.
             Succumbed to an adder's poison
             ... on Level 2 of the Dungeon.
             The game lasted 00:03:03 (1672 turns).

Johnny the Chiller (Demigod Ice Elementalist)       Turns: 1672, Time: 00:03:03

HP   0/40        AC 26     Str 12      XL: 3   Next: 67%
MP   4/8         EV  2     Int 20      God:
Gold 61          SH  0     Dex 16      Spells:  1 memorised,  5 levels left

rFire  . . .     SeeInvis .     k - +3 quarterstaff (protect)
rCold  . . .     Clarity  .     a - melded +0 robe
rNeg   + + +     rCorr    .     (no shield)
rPois  +         rRot     .     (no helmet)
rElec  .         Spirit   .     (cloak currently unavailable)
SustAb .         Warding  .     (gloves currently unavailable)
rMut   .         NoTele   +     (boots currently unavailable)
Gourm  .                        (no amulet)
MR     .....                    (no ring)
                                (no ring)

@: lethally poisoned, tree-form, not resistant to hostile enchantments, fairly
stealthy
A: no striking features
a: no special abilities


You were on level 2 of the Dungeon.
You were hungry.
You were an animated tree.
You visited 1 branch of the dungeon, and saw 2 of its levels.

You collected 61 gold pieces.

Inventory:

Hand weapons
 i - a +0 flail
 j - a +0 dagger of speed
 k - a +3 quarterstaff of protection (weapon)
Armour
 a - a +0 robe (melded)
 d - a +0 chain mail
Comestibles
 c - 2 bread rations
 g - a royal jelly
 s - a meat ration
 t - a rotting chunk of hobgoblin flesh
Scrolls
 e - a scroll of fog
 l - a scroll of recharging {unknown}
 p - a scroll of random uselessness {unknown}
 q - a scroll of magic mapping {unknown}
 r - 2 scrolls of identify {unknown}
 u - a scroll of teleportation {unknown}
Books
 b - a book of Frost

   Spells                             Type                      Level
   *Freeze                            Ice                          1
   Throw Frost                        Conjuration/Ice              2
   Ozocubu's Armour                   Charms/Ice                   3
   Throw Icicle                       Conjuration/Ice              4
   Summon Ice Beast                   Ice/Summoning                4
   Condensation Shield                Ice                          4


   Skills:
 * Level 0.8 Fighting
 + Level 0.8 Armour
 + Level 2.1 Dodging
 + Level 2.3 Stealth
 * Level 2.1 Spellcasting
   Level 0.8 Conjurations
 * Level 3.2 Ice Magic


You had 5 spell levels left.
You knew the following spells:

 Your Spells              Type           Power        Failure   Level  Hunger
a - Freeze                Ice            ###.         4%          1    #......


Dungeon Overview and Level Annotations

Branches:
Dungeon (2/15)


Message History

Okay, then.
You aren't carrying any pieces of jewellery.
Unknown command.
Read which item? (? for menu, Esc to quit)
As you read the scroll labeled PULIAN CY HEZ, it crumbles to dust.
The scroll dissolves into smoke.
It was a scroll of fog.
Read which item? (? for menu, Esc to quit)
As you read the scroll labeled SKEMU TUEGUX, it crumbles to dust.
It is a scroll of enchant weapon.
Enchant which weapon? (? for menu, Esc to quit)
Your +2 quarterstaff of protection glows red for a moment.
Unknown command.
Read which item? (? for menu, Esc to quit)
As you read the scroll labeled GEUROU SE PLAC, it crumbles to dust.
You assume a fearsome visage.
Nothing appears to happen.
It was a scroll of fear.
Unknown command.
* * * LOW HITPOINT WARNING * * *
You feel sick.
You die...

####.......###...###
#.......##.#...#
+.......###.#..#
#...##### ##.#.#
..... ###.# ...#
#### #.# .# ... #.#
####§####.#
#..?§§♣§§.#
#.##§###### #. ..
###


There were no monsters in sight!

Vanquished Creatures
  2 adders (D:2)
  A gnoll (D:1)
  A worm (D:2)
  2 giant geckos
  A ball python (D:1)
  2 bats (D:1)
  2 hobgoblins
  2 jackals (D:1)
  2 giant newts (D:1)
  6 goblins
  6 kobolds
  8 rats
35 creatures vanquished.

Notes
Turn   | Place    | Note
--------------------------------------------------------------
     0 | D:1      | Johnny, the Demigod Ice Elementalist, began the quest for the Orb.
     0 | D:1      | Reached XP level 1. HP: 14/14 MP: 3/3
   398 | D:1      | Reached XP level 2. HP: 22/22 MP: 2/4
   711 | D:1      | Reached skill level 3 in Ice Magic
  1011 | D:2      | Found a shimmering altar of Xom.
  1011 | D:2      | Found a shimmering altar of Xom.
  1033 | D:2      | Found a shimmering altar of Xom.
  1033 | D:2      | Found a shimmering altar of Xom.
  1034 | D:2      | Found a shimmering altar of Xom.
  1034 | D:2      | Found a shimmering altar of Xom.
  1038 | D:2      | Found a shimmering altar of Xom.
  1149 | D:2      | Reached XP level 3. HP: 20/27 MP: 7/7
  1415 | D:2      | HP: 1/27 [worm (7)]
  1583 | D:2      | Found a stormy altar of Qazlal.
  1660 | D:2      | HP: 2/40 [poisoned by an adder]
  1668 | D:2      | HP: 1/40 [poisoned by an adder]
  1672 | D:2      | Succumbed to an adder's poison

Action                   || total
-------------------------++-------
Melee: Unarmed           ||    10
       Dagger            ||    21
       Flail             ||    16
       Quarterstaff      ||    33
 Cast: Freeze            ||    30
  Use: Scroll            ||     3
       Potion            ||     2
 Stab: Sleeping          ||     1
  Eat: Chunk             ||     2
